AoeStats
← The Rule

Black Forest

510152902Analyzed
4v4 RM · 2d ago on Sep 29, 2026· 57m 55s· 8 players
Game mode
Random Map
Map size
Large (8 player)
Population
200
Speed
Normal
Resources
Standard
Victory
Conquest
Starting age
Dark Age
Ending age
Imperial Age
RankedLock teamsTeams togetherTeam positionsShared explorationLock speedFull tech treeHidden civsTurbo modeCheats
Victory
Defeat
🇩🇪 Celts · Germany
978
+15
🇩🇪 Bohemians · Germany
967
+16
🇹🇷 Vietnamese · Türkiye
966
+16
🇪🇸 Mongols · Spain
963
+16
🇨🇳 Mongols · China
1067
-20
🇪🇸 Magyars · Spain
996
-17
🇨🇴 Bulgarians · Colombia
941
-15
🇨🇳 Britons · China
841
-11
The Rule
9:04 Loom
11:02 Feudal Age
12:21 Double-Bit Axe
12:19 Horse Collar
18:45 Castle Age
17:38 Gold Mining
18:49 Scale Barding Armor
19:47 Bow Saw
20:03 Husbandry
20:19 Bloodlines
21:00 Forging
22:29 Wheelbarrow
22:33 Heavy Plow
23:11 Stone Mining
24:34 Hand Cart
26:35 Town Watch
27:20 Padded Archer Armor
27:12 Fletching
27:31 Town Patrol
30:49 Ballistics
33:21 Imperial Age
32:16 Nomads
33:14 Fortified Wall
33:05 Bodkin Arrow
33:27 Leather Archer Armor
33:24 Caravan
35:11 Conscription
34:55 Bracer
35:17 Chain Barding Armor
36:25 Chemistry
37:09 Murder Holes
38:08 Iron Casting
36:56 Elite Steppe Lancer
37:01 Light Cavalry
37:43 Elite Mangudai
38:53 Hussar
41:16 Blast Furnace
40:32 Masonry
40:41 Siege Engineers
41:27 Drill
43:13 Onager
43:14 Capped Ram
45:00 Siege Onager
45:01 Siege Ram
Jeanne d'Arc
1:22 Loom
11:32 Feudal Age
19:49 Castle Age
18:04 Double-Bit Axe
18:34 Horse Collar
18:56 Gold Mining
19:19 Stone Mining
20:56 Wheelbarrow
22:49 Bow Saw
23:53 Heavy Plow
25:00 Gold Shaft Mining
31:45 Imperial Age
32:23 Ballistics
32:12 Pikeman
32:38 Arson
33:08 Heavy Scorpion
34:06 Furor Celtica
33:48 Halberdier
35:29 Stone Shaft Mining
35:08 Scale Mail Armor
35:19 Forging
36:18 Chain Mail Armor
37:12 Caravan
37:23 Guilds
37:37 Elite Woad Raider
40:05 Plate Mail Armor
40:10 Iron Casting
45:33 Onager
ButterMyHead
0:48 Loom
12:38 Feudal Age
20:18 Castle Age
18:23 Horse Collar
18:34 Double-Bit Axe
21:15 Heavy Plow
28:21 Bow Saw
31:32 Imperial Age
30:26 Wheelbarrow
31:22 Caravan
32:54 Hand Cart
34:58 Two-Man Saw
35:03 Town Watch
36:39 Forging
36:35 Scale Barding Armor
36:21 Fletching
39:00 Chemistry
37:57 Murder Holes
38:25 Onager
40:55 Houfnice
42:56 Elite Skirmisher
45:30 Elite Hussite Wagon
56:01 Imperial Skirmisher
56:10 Pikeman
Quila
12:20 Loom
14:59 Feudal Age
24:17 Castle Age
23:05 Fletching
23:25 Double-Bit Axe
23:35 Gold Mining
23:29 Horse Collar
25:35 Crossbowman
27:32 Wheelbarrow
28:14 Bow Saw
30:38 Bodkin Arrow
36:54 Imperial Age
35:06 Hand Cart
35:01 Padded Archer Armor
35:57 Thumb Ring
35:14 Elite Skirmisher
37:16 Leather Archer Armor
37:30 Ballistics
37:07 Imperial Skirmisher
37:09 Arbalester
37:54 Town Watch
39:16 Chemistry
38:47 Bracer
39:49 Ring Archer Armor
40:42 Caravan
40:49 Stone Mining
44:37 Scale Mail Armor
47:29 Town Patrol
52:57 Forging
53:11 Masonry
52:42 Treadmill Crane
52:58 Murder Holes
53:08 Siege Engineers
55:44 Heated Shot
55:44 Arrowslits
58:42 Two-Man Saw
57:46 Heavy Plow
58:30 Stone Shaft Mining
WololoJedi
33:11 Feudal Age
34:52 Wheelbarrow
34:05 Double-Bit Axe
34:06 Horse Collar
41:49 Castle Age
41:02 Forging
40:53 Padded Archer Armor
40:54 Scale Mail Armor
41:32 Stone Mining
42:22 Gold Mining
44:25 Bow Saw
48:01 Heavy Plow
espartakus 0_o
1:23 Loom
15:44 Feudal Age
17:36 Arson
18:55 Town Watch
18:56 Horse Collar
19:05 Double-Bit Axe
21:35 Wheelbarrow
22:42 Man-at-Arms
25:00 Bloodlines
29:32 Scale Barding Armor
29:28 Scale Mail Armor
29:18 Fletching
32:48 Castle Age
33:09 Long Swordsman
33:50 Light Cavalry
36:47 Husbandry
38:06 Town Patrol
38:22 Hand Cart
38:42 Corvinian Army
39:23 Chain Mail Armor
39:21 Murder Holes
40:28 Gold Mining
41:36 Heavy Plow
41:49 Bow Saw
41:13 Pikeman
46:35 Imperial Age
44:52 Gold Shaft Mining
45:08 Bodkin Arrow
45:42 Chain Barding Armor
46:06 Ballistics
雨落
0:26 Loom
10:32 Feudal Age
13:38 Double-Bit Axe
16:51 Castle Age
14:40 Horse Collar
17:59 Bow Saw
18:49 Heavy Plow
24:16 Wheelbarrow
23:42 Gold Mining
23:42 Stone Mining
23:46 Gold Mining
25:34 Hand Cart
26:34 Stone Shaft Mining
26:34 Gold Shaft Mining
30:48 Imperial Age
28:48 Caravan
29:19 Coinage
28:58 Fletching
29:10 Padded Archer Armor
29:42 Ballistics
30:12 Bodkin Arrow
30:32 Leather Archer Armor
30:32 Masonry
31:44 Nomads
31:09 Elite Mangudai
32:38 Parthian Tactics
32:36 Thumb Ring
34:12 Drill
34:14 Conscription
34:06 Husbandry
34:16 Bloodlines
34:11 Bracer
34:16 Onager
35:25 Town Watch
36:19 Banking
36:52 Siege Onager
37:01 Capped Ram
39:16 Forging
39:11 Scale Barding Armor
42:34 Siege Ram
justjust
12:44 Feudal Age
13:28 Double-Bit Axe
19:37 Castle Age
17:57 Stone Mining
17:58 Gold Mining
21:04 Bow Saw
23:22 Horse Collar
26:49 Heavy Plow
29:00 Padded Archer Armor
28:51 Fletching
29:09 Caravan
29:43 Coinage
30:06 Leather Archer Armor
29:46 Bodkin Arrow
30:32 Wheelbarrow
32:09 Hand Cart
32:44 Ballistics
35:40 Gold Shaft Mining
37:19 Yeomen
40:24 Imperial Age
41:51 Elite Longbowman
42:53 Conscription
43:39 Chemistry
43:13 Ring Archer Armor
42:44 Bracer
43:48 Two-Man Saw
42:57 Town Watch
Connection lost

Rejoining the realm…

Still unreachable

The connection could not be restored.

Session expired

The server has moved on; the page needs a fresh start.